 Dungeon Crawl Stone Soup version 0.32-a0-172-gc5dd13f2a7 (webtiles) character file.

Game seed: 6925871780122735772

348994 croobank the Warrior (level 21, -5/254 HPs)
             Began as a Minotaur Fighter on Feb 11, 2024.
             Was a High Priest of Qazlal.
             Slain by a stone giant (9 damage)
             ... on level 3 of the Vaults on Feb 12, 2024.
             The game lasted 02:24:43 (64669 turns).

croobank the Warrior (Minotaur Fighter)            Turns: 64669, Time: 02:24:44

Health: -5/254     AC: 30    Str: 29    XL:     21   Next: 24%
Magic:  31/31      EV: 11    Int:  5    God:    Qazlal [*****.]
Gold:   3927       SH:  0    Dex: 13    Spells: 20/20 levels left

rFire   . . .        a - +7 broad axe (elec)
rCold   . . .        N - +4 kite shield
rNeg    + . .        b - melded +3 plate armour {rPois}
rPois   ∞            (helmet restricted)
rElec   +            (no cloak)
rCorr   .            l - melded +0 pair of gloves
SInv    .            A - melded +1 pair of boots of the Crypt {rF+}
Will    ++...        F - amulet of reflection
Stlth   +            m - +4 ring of slaying
HPRegen 0.62/turn    z - ring of willpower
MPRegen 0.22/turn

%: repel missiles, reflection
@: confused, mighty, statue-form, ambrosia-drunk, marked, protected from
physical damage, very slow
A: slow and powerful, torment resistance 1, boosted hp, horns 2, retaliatory
headbutt
}: 2/15 runes: decaying, gossamer
a: Begin Untransformation, Renounce Religion, Upheaval, Elemental Force,
Disaster Area


You were on level 3 of the Vaults.
You worshipped Qazlal.
Qazlal was extremely pleased with you.
You were a living statue of rough stone.
You visited 7 branches of the dungeon, and saw 37 of its levels.
You also visited: Ice Cave.

You collected 4775 gold pieces.
You spent 848 gold pieces at shops.

Inventory:

Hand Weapons
 a - a +7 broad axe of electrocution (weapon)
 L - a +3 scimitar of flaming
Missiles
 o - 3 silver javelins
 s - 7 javelins
Armour
 b - a +3 plate armour of poison resistance (melded)
 l - a +0 pair of gloves (melded)
 A - the +1 pair of boots of the Crypt (melded) {rF+}
   (You found it on level 2 of the Spider Nest)

   rF+:       It protects you from fire.
 N - a +4 kite shield (worn)
Jewellery
 d - a ring of protection from fire
 i - a +4 ring of protection
 m - a +4 ring of slaying (left fist)
 q - an amulet of regeneration
 x - an amulet of faith
 z - a ring of willpower (right fist)
 B - a ring of ice
 F - an amulet of reflection (around neck)
 M - a ring of fire
 U - a ring of resist corrosion
 Y - the ring "Lieclias" {+Blink rElec rF+ rN+++ Str-5}
   (You took it off a spriggan on level 5 of the Lair of Beasts)

   [ring of protection from fire]

   Str-5:     It affects your strength (-5).
   rF+:       It protects you from fire.
   rElec:     It insulates you from electricity.
   rN+++:     It renders you almost immune to negative energy.
   +Blink:    It lets you blink.
Talismans
 t - a granite talisman (active)
Wands
 y - a wand of mindburst (11)
 C - a wand of flame (15)
 I - a wand of acid (36)
 O - a wand of roots (14)
 P - a wand of charming (24)
 W - a wand of digging (22)
Scrolls
 f - 5 scrolls of vulnerability
 h - 6 scrolls of noise
 j - 2 scrolls of silence
 p - 7 scrolls of fog
 u - 2 scrolls of brand weapon
 v - 2 scrolls of immolation
 G - 3 scrolls of revelation
 J - 2 scrolls of amnesia
 K - 2 scrolls of teleportation
 R - 7 scrolls of poison
 V - 9 scrolls of identify
Potions
 e - 17 potions of curing
 g - 4 potions of attraction
 k - a potion of might
 r - 11 potions of lignification
 w - 7 potions of mutation
 D - a potion of enlightenment
 E - 4 potions of haste
 H - 2 potions of cancellation
 S - 5 potions of ambrosia
Miscellaneous
 c - a phial of floods
 n - a lightning rod (4/4)
 Q - a condenser vane


   Skills:
 - Level 18.8 Fighting
 - Level 18.0 Axes
 - Level 18.8 Armour
 - Level 18.7 Shields
 - Level 15.5 Invocations
 + Level 16.1 Shapeshifting


You had 20 spell levels left.
You didn't know any spells.
Your spell library contained the following spells:

 Spells                   Type           Power      Damage    Failure   Level
 Apportation              Tloc           0%         N/A       54%         1
 Foxfire                  Conj/Fire      0%         2x1d4     54%         1
 Slow                     Hex            0%         N/A       54%         1
 Sting                    Conj/Alch      0%         1d3       54%         1
 Summon Small Mammal      Summ           0%         N/A       54%         1
 Blink                    Tloc           0%         N/A       69%         2
 Ensorcelled Hibernation  Hex/Ice        0%         N/A       69%         2
 Jinxbite                 Hex            0%         N/A       69%         2
 Lesser Beckoning         Tloc           0%         N/A       69%         2
 Mercury Vapours          Alch/Air       0%         N/A       69%         2
 Momentum Strike          Conj/Tloc      0%         3d8       69%         2
 Static Discharge         Conj/Air       0%         3-3/arc   69%         2
 Call Canine Familiar     Summ           0%         N/A       89%         3
 Confusing Touch          Hex            0%         N/A       89%         3
 Dazzling Flash           Conj/Hex       0%         N/A       89%         3
 Frozen Ramparts          Ice            0%         1d1       89%         3
 Gell's Gravitas          Tloc           0%         N/A       89%         3
 Hailstorm                Conj/Ice       0%         3d5       89%         3
 Mephitic Cloud           Conj/Alch/Air  0%         N/A       89%         3
 Passwall                 Erth           0%         N/A       89%         3
 Sigil of Binding         Hex            0%         N/A       89%         3
 Summon Ice Beast         Ice/Summ       0%         N/A       89%         3
 Swiftness                Air            0%         N/A       89%         3
 Teleport Other           Tloc           0%         N/A       89%         3
 Vampiric Draining        Necr           0%         2d6       89%         3
 Volatile Blastmotes      Fire/Tloc      0%         2d10      89%         3
 Airstrike                Air            0%         2d(0-16)  100%        4
 Animate Dead             Necr           0%         N/A       100%        4
 Cause Fear               Hex            0%         N/A       100%        4
 Leda's Liquefaction      Alch/Erth      0%         N/A       100%        4
 Manifold Assault         Tloc           0%         N/A       100%        4
 Olgreb's Toxic Radiance  Alch           0%         N/A       100%        4
 Petrify                  Alch/Erth      0%         N/A       100%        4
 Summon Blazeheart Golem  Fire/Summ      0%         N/A       100%        4
 Summon Lightning Spire   Summ/Air       0%         N/A       100%        4
 Vhi's Electric Charge    Tloc/Air       0%         N/A       100%        4
 Alistair's Intoxication  Alch           0%         N/A       100%        5
 Arcjolt                  Conj/Air       0%         1d10      100%        5
 Fireball                 Conj/Fire      0%         3d3       100%        5
 Freezing Cloud           Conj/Ice/Air   0%         6-21      100%        5
 Lee's Rapid Deconstruct  Erth           0%         3d4*      100%        5
 Metabolic Englaciation   Hex/Ice        0%         N/A       100%        5
 Summon Forest            Summ/Tloc      0%         N/A       100%        5
 Bombard                  Conj/Erth      0%         9d1       100%        6
 Conjure Ball Lightning   Conj/Air       0%         3x3d6     100%        6
 Dispersal                Tloc           0%         N/A       100%        6
 Eringya's Noxious Bog    Alch           0%         4d6       100%        6
 Plasma Beam              Fire/Air       0%         2x1d10    100%        6
 Sculpt Simulacrum        Ice/Alch       0%         N/A       100%        6
 Starburst                Conj/Fire      0%         6d3       100%        6
 Haunt                    Necr/Summ      0%         N/A       100%        7
 Summon Hydra             Summ           0%         N/A       100%        7
 Discord                  Hex            0%         N/A       100%        8
 Disjunction              Tloc           0%         N/A       100%        8
 Infestation              Necr           0%         N/A       100%        8
 Maxwell's Capacitive Co  Air            0%         ∞         100%        8
 Chain Lightning          Conj/Air       0%         N/A       100%        9
 Dragon's Call            Summ           0%         N/A       100%        9
 Fire Storm               Conj/Fire      0%         5d1       100%        9
 Shatter                  Erth           0%         3d5*      100%        9


Dungeon Overview and Level Annotations

Branches:
Dungeon (15/15)            Temple (0/1) D:6            Lair (5/5) D:8
  Swamp (4/4) Lair:3       Spider (4/4) Lair:3        Slime (0/5) Lair:5
    Orc (2/2) D:9             Elf (3/3) Orc:2        Vaults (4/5) D:14
 Depths (0/4) D:15          IceCv (visited)
  Crypt: Vaults:2-3

Altars:
Cheibriados
Qazlal
Zin
Jiyva
Lugonu

Shops:
Orc:2 ?([[   Elf:3 ::=   Vaults:2 (   Vaults:4 [

Portals:
Abyss: Lair:5

Annotations:
D:4 3 runed translucent doors, Biggs's ghost, amateur FeMo
Swamp:4 2 transporters, Livid's ghost, adept FoFi


Innate Abilities, Weirdness & Mutations

You are a living statue of rough stone.
Your actions are slow, but your melee attacks are powerful.
You are resistant to unholy torment.
Your maximum health is greatly increased.
Your equipment is partially melded.
You are immune to poison.
You have a pair of horns on your head.
You reflexively headbutt those who attack you in melee.


Message History

Found a wand of mindburst (3), a robe, 70 gold pieces and a scroll of amnesia.
The stone giant shouts!
The yaktaur captain shouts!
You hear a roar!
You hear a shout!
The yaktaur captain is engulfed in blazing flames.
The yaktaur captain hits you but does no damage.
The yaktaur captain is engulfed in blazing flames.
You block the yaktaur captain's attack.
You see here a wand of mindburst (3).
Okay, then.
Okay, then.
You are confused.
You feel invigorated.
The yaktaur captain is engulfed in blazing flames.
The yaktaur captain hits you but does no damage.
The stone giant hits you!!
* * * LOW HITPOINT WARNING * * *
You feel more protected from physical attacks.
A yaktaur captain breaks down the door.
A lindwurm comes into view.
You are too confused!
The yaktaur captain is engulfed in blazing flames.
The yaktaur captain hits you but does no damage.
The stone giant hits you!
* * * LOW HITPOINT WARNING * * *
The lindwurm closely misses you.
The lindwurm claws you but does no damage. x2
The yaktaur captain is engulfed in blazing flames.
The yaktaur captain hits you but does no damage.
The stone giant closely misses you.
You see here 22 gold pieces.
Okay, then.
You are too confused!
You closely miss the stone giant. You slice the lindwurm!!
Lightning courses through the lindwurm! You slice the yaktaur captain!!
Lightning courses through the yaktaur captain!
You kill the yaktaur captain!
Qazlal accepts your kill. The lindwurm breathes flames at you.
The blast of flame misses you. The stone giant hits you!
You die...

.# # ...#..
#. #.....
#.. #....
#... ######
.....#
#....#IC.$+
......
#...ck/°[$#
#..
###########
##.
######..
+....)..
#......#
###....#
#.....#
#...#..#


You could see a stone giant, a yaktaur captain and a lindwurm (catching breath).

Vanquished Creatures
  Frederick (Vaults:4)
  Jory (Vaults:2)
  Arachne (Spider:4)
  Asterion (Elf:2)
  2 deep elf blademasters (Elf:3)
  A sphinx (Vaults:2)
  2 deep elf master archers (Elf:3)
  The ghost of Rudyous the Arsonist, an adept DsAE of Vehumet (Spider:2)
  Agnes (Spider:2)
  Aizul (Spider:4)
  Donald (Spider:4)
  Roxanne (Spider:4)
  3 deep elf sorcerers (Elf:3)
  6 emperor scorpions
  A fenstrider witch (Swamp:4)
  8 vault wardens
  Louise (Spider:3)
  5 ghost moths
  2 deep elf elementalists
  17 ironbound preservers
  3 orc warlords
  The ghost of Biggs the Ripper, a journeyman FeMo of Wu Jian (Spider:2)
  6 ironbound thunderhulks
  10 deep elf death magi
  7 dire elephants
  3 very ugly things
  5 bunyips
  A deep elf annihilator (Elf:3)
  2 eleionomae
  2 deep elf demonologists (Elf:3)
  2 war gargoyles
  A crystal guardian (Vaults:4)
  A fire dragon (D:15)
  A shambling mangrove (Swamp:3)
  Josephine (Lair:3)
  4 yaktaur captains
  10 entropy weavers
  6 deep elf high priests (Elf:3)
  4 great orbs of eyes
  5 vault guards
  A jorogumo (Spider:3)
  18 hydras
  An ice dragon (D:15)
  9 alligators
  A ghost crab (Swamp:2)
  4 death knights
  4 two-headed ogres
  A catoblepas (Lair:5)
  18 centaur warriors
  2 peacekeepers
  A rakshasa (D:15)
  11 ironbound frosthearts
  A radroach (Spider:3)
  6 boulder beetles
  4 tengu warriors
  7 death yaks
  29 dancing weapons
  4 orc high priests (Orc:2)
  3 thrashing horrors (Lair:5)
  5 demonic crawlers
  15 deep elf knights
  A shock serpent (shapeshifter) (Vaults:2)
  A skyshark (Lair:4)
  A skeletal warrior (D:14)
  Lodul (D:9)
  6 goliath frogs
  A death drake (Swamp:3)
  7 pharaoh ants
  36 deep trolls
  A sun moth (Spider:1)
  5 arcanists
  4 spriggan druids
  11 deep elf archers
  13 swamp dragons
  18 orb spiders
  An orange crystal statue (IceCv)
  10 ironbound convokers
  8 lindwurms (Vaults:1)
  19 orc knights
  24 deep elf zephyrmancers
  A phantasmal warrior (D:14)
  A harpy (shapeshifter) (Elf:3)
  3 large abominations (Lair:5)
  27 deep elf pyromancers
  3 steelbarb worms
  4 harpies
  20 wolf spiders
  6 will-o-the-wisps
  15 ugly things
  A moth of wrath (Spider:3)
  2 oklob plants (Lair:4)
  3 cyclopes
  5 orc sorcerers
  5 manticores
  5 kobold blastminers
  A meliai (shapeshifter) (Lair:5)
  3 meliai (D:14)
  6 elephants
  13 vault sentinels
  2 black mambas
  A torpor snail (Spider:4)
  10 cane toads
  3 efreet (D:14)
  2 gargoyles
  A rime drake (Lair:4)
  8 komodo dragons
  16 yaktaurs
  A tengu conjurer (D:15)
  6 freezing wraiths
  13 trolls
  3 polar bears
  7 tyrant leeches
  A troll (shapeshifter) (Elf:2)
  Grinder (D:6)
  14 tarantellas
  27 blink frogs
  15 hornets
  2 raiju (Lair:5)
  15 dream sheep
  15 slime creatures
  24 jumping spiders
  A culicivora (shapeshifter) (D:14)
  8 wraiths
  3 water elementals
  2 shadows (D:12)
  4 ynoxinuls (Lair:5)
  7 wyverns
  2 vampires
  9 spriggans
  19 culicivoras
  5 air elementals
  A dire elephant simulacrum (IceCv)
  4 basilisks
  4 steam dragons
  2 fire elementals
  3 wargs
  7 vampire mosquitoes
  57 yaks
  A human (shapeshifter) (D:14)
  58 redbacks
  A chaos spawn (Lair:5)
  A harpy simulacrum (IceCv)
  14 swamp worms
  9 small abominations (Lair:5)
  2 acid dragons
  3 hydra simulacra (IceCv)
  A hell hound (Spider:1)
  16 water moccasins
  42 orc warriors
  2 sky beasts
  10 swamp drakes
  An ettin simulacrum (IceCv)
  An ice beast (D:7)
  A boggart (shapeshifter) (D:15)
  2 black bears
  22 ogres
  15 wolves
  10 boggarts
  3 centaurs
  A centaur (shapeshifter) (D:14)
  2 phantoms
  13 bullfrogs
  A kobold brigand (D:7)
  3 earth elementals
  A gnoll sergeant (D:9)
  3 scorpions
  3 wights (D:9)
  2 lindwurm simulacra (IceCv)
  6 killer bees (D:7)
  An electric eel (Spider:4)
  A howler monkey (D:9)
  3 jellies
  33 orc priests
  2 bombardier beetles
  A gnoll bouda (D:4)
  4 hounds
  4 iguanas
  A sleepcap (D:6)
  27 orc wizards
  11 gnolls
  8 adders
  A white imp (D:6)
  4 ufetubi
  2 ribbon worms
  4 dart slugs
  105 orcs
  5 ball pythons
  2 bats (D:1)
  5 endoplasms
  6 giant cockroaches
  10 goblins
  4 hobgoblins
  12 jackals
  4 quokkas
  4 frilled lizards
  16 kobolds
  4 rats
  2 spectral weapons (Elf:2)
1430 creatures vanquished.

Vanquished Creatures (collateral kills)
  the Lernaean hydra (Swamp:3)
  A titan (Vaults:4)
  A shadow dragon (Vaults:4)
  2 vault wardens
  A deep elf sorcerer (Elf:3)
  An orc warlord (Vaults:1)
  2 ironbound thunderhulks
  A formless jellyfish (Vaults:1)
  3 deep elf annihilators
  A bunyip (Swamp:4)
  A crystal guardian (Vaults:4)
  A vault guard (Vaults:4)
  4 hydras
  2 great orbs of eyes
  An alligator (Swamp:2)
  A goliath frog (Swamp:2)
  2 spriggan druids (Swamp:4)
  A bog body (Swamp:1)
  2 deep elf archers
  An ironbound convoker (Vaults:4)
  A deep elf zephyrmancer (Elf:1)
  2 oklob plants (Lair:4)
  2 deep elf pyromancers
  5 ugly things
  A vault sentinel (Vaults:1)
  3 hornets (Swamp:2)
  3 spriggans (Swamp:2)
  A water elemental (Elf:2)
  3 yaks (D:9)
  A swamp worm (Swamp:2)
  A swamp drake (Swamp:4)
  An orc warrior (D:9)
  2 orc priests (D:9)
  2 orcs (D:9)
58 creatures vanquished.

Vanquished Creatures (others)
  A deep elf knight (Elf:2)
  An arcanist (Vaults:1)
  A deep elf pyromancer (Elf:2)
  2 deep elf zephyrmancers (Elf:1)
  A bloated husk (Swamp:4)
  A water moccasin (D:8)
  An ogre (D:9)
  An orc priest (Orc:2)
  A kobold (D:7)
  36 foxfires
46 creatures vanquished.

Grand Total: 1534 creatures vanquished

Notes
Turn   | Place    | Note
-------+----------+-------------------------------------------
     0 | D:1      | croobank the Minotaur Fighter began the quest for the Orb.
     0 | D:1      | Reached XP level 1. HP: 19/19 MP: 0/0
    71 | D:1      | Reached XP level 2. HP: 12/27 MP: 1/1
   346 | D:1      | Reached XP level 3. HP: 24/33 MP: 2/2
   696 | D:2      | Found a faded altar of an unknown god.
   707 | D:2      | Prayed at the altar of an unknown god.
   707 | D:2      | Became a worshipper of Qazlal Stormbringer
   707 | D:2      | Reached * piety under Qazlal
   750 | D:2      | Reached XP level 4. HP: 41/41 MP: 3/3
  1188 | D:3      | Reached ** piety under Qazlal
  1189 | D:3      | Reached XP level 5. HP: 45/47 MP: 4/4
  1196 | D:3      | Reached skill level 1 in Invocations
  1802 | D:4      | Reached skill level 5 in Fighting
  1802 | D:4      | Reached skill level 5 in Armour
  1802 | D:4      | Reached skill level 5 in Shields
  1802 | D:4      | Reached XP level 6. HP: 56/56 MP: 6/6
  1907 | D:4      | Found a runed translucent gate.
  1907 | D:4      | Found a runed translucent gate.
  1908 | D:4      | Found a runed translucent gate.
  1930 | D:4      | Noticed Biggs's ghost (amateur FeMo)
  1953 | D:4      | Identified the +5 ring mail "Delacsysm" {-Cast rPois SInv
                  | Stlth+}
  2099 | D:4      | Reached XP level 7. HP: 61/61 MP: 7/7
  2552 | D:5      | Entered Level 5 of the Dungeon
  2557 | D:5      | Reached skill level 5 in Axes
  2578 | D:5      | Reached *** piety under Qazlal
  2673 | D:5      | Noticed a steam dragon
  2682 | D:5      | Killed a steam dragon
  2683 | D:5      | Reached XP level 8. HP: 42/70 MP: 9/9
  3070 | D:5      | Found a glowing silver altar of Zin.
  3296 | D:5      | Found a snail-covered altar of Cheibriados.
  3531 | D:6      | Noticed Grinder
  3546 | D:6      | Killed Grinder
  3642 | D:6      | Found a staircase to the Ecumenical Temple.
  3750 | D:6      | Reached XP level 9. HP: 79/79 MP: 11/11
  4350 | D:7      | Reached skill level 5 in Invocations
  4350 | D:7      | Reached **** piety under Qazlal
  4387 | D:7      | Identified the +8 mace of Light {freeze, rPois Int+2}
  4389 | D:7      | Upgraded the game from 0.32-a0-163-g159c032296 to
                  | 0.32-a0-172-gc5dd13f2a7
  4996 | D:8      | Noticed a troll
  5005 | D:8      | Killed a troll
  5348 | D:8      | Reached XP level 10. HP: 62/90 MP: 13/13
  5667 | D:8      | Found a staircase to the Lair.
  6948 | D:9      | Reached ***** piety under Qazlal
  7149 | D:9      | Found a staircase to the Orcish Mines.
  7722 | D:10     | Entered Level 10 of the Dungeon
  7816 | D:10     | Noticed Lodul
  7822 | D:9      | Reached XP level 11. HP: 36/99 MP: 15/15
  7824 | D:9      | Reached skill level 10 in Armour
  7832 | D:9      | Reached skill level 10 in Fighting
  8052 | D:9      | Reached skill level 10 in Shields
  8589 | D:9      | Killed Lodul
  8590 | D:9      | Reached skill level 10 in Axes
  8942 | D:11     | Noticed a two-headed ogre
  8966 | D:11     | Killed a two-headed ogre
  9463 | D:11     | Noticed a boulder beetle
  9503 | D:11     | Killed a boulder beetle
 10297 | D:12     | Noticed a cyan ugly thing
 10303 | D:12     | Killed a cyan ugly thing
 10304 | D:12     | Reached XP level 12. HP: 85/110 MP: 17/17
 11222 | D:13     | Noticed a centaur warrior
 11229 | D:13     | Killed a centaur warrior
 11367 | D:13     | Noticed a centaur warrior
 11370 | D:13     | Killed a centaur warrior
 12088 | D:14     | Noticed a boulder beetle
 12103 | D:14     | Killed a boulder beetle
 12230 | D:14     | Noticed a tengu warrior
 12644 | Lair:1   | Entered Level 1 of the Lair of Beasts
 13858 | Lair:2   | Reached XP level 13. HP: 105/119 MP: 19/19
 14032 | Lair:2   | Reached skill level 10 in Invocations
 14657 | Lair:3   | Reached ****** piety under Qazlal
 14670 | Lair:3   | Found a hole to the Spider Nest.
 14687 | Lair:3   | Noticed Josephine
 15366 | Lair:3   | Killed Josephine
 16230 | Lair:3   | Found a staircase to the Swamp.
 17494 | Lair:4   | Identified the +1 leather armour of the Leaf {rC+ Stlth+}
 18193 | Lair:4   | Identified the +4 scimitar "Dicwiesa" {protect, *Noise
                  | +Blink Str+6}
 18198 | Lair:4   | Identified the +2 leather armour of Bitterness {Dex+3}
 18245 | Lair:5   | Entered Level 5 of the Lair of Beasts
 18323 | Lair:5   | Reached XP level 14. HP: 108/130 MP: 21/21
 18380 | Lair:5   | Found a viscous altar of Jiyva.
 18380 | Lair:5   | Found a staircase to the Slime Pits.
 20481 | Lair:5   | Identified the ring "Lieclias" {+Blink rElec rF+ rN+++
                  | Str-5}
 20889 | Lair:5   | Found a corrupted altar of Lugonu.
 20889 | Lair:5   | Found a one-way gate to the infinite horrors of the Abyss.
 21346 | Orc:1    | Entered Level 1 of the Orcish Mines
 21749 | Orc:2    | Entered Level 2 of the Orcish Mines
 22523 | Orc:2    | Found a staircase to the Elven Halls.
 23476 | Orc:2    | Noticed an orc warlord
 23489 | Orc:2    | Reached XP level 15. HP: 72/139 MP: 18/23
 23492 | Orc:2    | Reached skill level 15 in Fighting
 23692 | Orc:2    | Found Ymiur's Antique Armour Emporium.
 23701 | Orc:2    | Bought a pair of fine boots for 351 gold pieces
 23701 | Orc:2    | Identified the +1 pair of boots of Benevolence {+Inv rF-
                  | Dex+2} (You bought it in a shop on level 2 of the Orcish
                  | Mines)
 23761 | Orc:2    | Reached skill level 15 in Armour
 23761 | Orc:2    | Reached skill level 15 in Shields
 24000 | Orc:2    | Found Kizxov's Armour Boutique.
 24272 | Orc:2    | Found Xuozei's Weapon Emporium.
 24282 | Orc:2    | Found Mumiuleg's Magic Scroll Shoppe.
 24369 | Orc:2    | Bought a scroll of blinking for 97 gold pieces
 24427 | Orc:2    | Reached skill level 15 in Axes
 25670 | D:14     | Found a gate to the Vaults.
 26673 | D:15     | Entered Level 15 of the Dungeon
 27768 | D:15     | Found a staircase to the Depths.
 28709 | Spider:1 | Entered Level 1 of the Spider Nest
 29019 | Spider:1 | Reached XP level 16. HP: 141/151 MP: 24/24
 31554 | Spider:2 | Noticed Agnes
 31561 | Spider:2 | Killed Agnes
 31906 | Spider:2 | Found a runed translucent gate.
 31906 | Spider:2 | Found a runed translucent gate.
 31906 | Spider:2 | Found a runed translucent gate.
 31907 | Spider:2 | Noticed Rudyous's ghost (adept DsAE)
 31908 | Spider:2 | Noticed Biggs's ghost (journeyman FeMo)
 32700 | Spider:2 | Killed Rudyous's ghost
 32746 | Spider:2 | Killed Biggs's ghost
 32959 | Spider:2 | Identified the +1 pair of boots of the Crypt {rF+}
 33330 | Spider:3 | Noticed Louise
 33356 | Spider:3 | Killed Louise
 34726 | Spider:4 | Entered Level 4 of the Spider Nest
 34733 | Spider:4 | Identified the serpent talisman of Hedge Wizardry {Slay+2}
 34733 | Spider:4 | Noticed Aizul
 34736 | Spider:4 | Noticed Arachne
 35057 | Spider:3 | Reached XP level 17. HP: 135/161 MP: 26/26
 35238 | Spider:4 | Noticed Roxanne
 35264 | Spider:4 | Killed Roxanne
 35273 | Spider:4 | Killed Aizul
 35277 | Spider:4 | Killed Arachne
 35435 | Spider:4 | Noticed Donald
 35450 | Spider:4 | Killed Donald
 37019 | Spider:4 | Got a gossamer rune of Zot
 37403 | Swamp:1  | Entered Level 1 of the Swamp
 40367 | Swamp:3  | Reached skill level 15 in Invocations
 40387 | Swamp:3  | Reached XP level 18. HP: 166/172 MP: 28/28
 40395 | Swamp:3  | Found a glacial archway.
 40478 | IceCv    | Entered an ice cave
 40520 | IceCv    | Found a transporter.
 40524 | IceCv    | Identified the +1 quarterstaff of Gozag, Changing {freeze,
                  | Dex+2 SInv}
 40529 | IceCv    | Found a transporter.
 41366 | Swamp:4  | Entered Level 4 of the Swamp
 41377 | Swamp:4  | Noticed Livid's ghost (adept FoFi)
 41416 | Swamp:4  | Found a transporter.
 41425 | Swamp:4  | Found a transporter.
 42604 | Swamp:4  | Noticed the 27-headed Lernaean hydra
 42920 | Swamp:3  | Killed the 27-headed Lernaean hydra
 44331 | Swamp:4  | Got a decaying rune of Zot
 44628 | Elf:1    | Entered Level 1 of the Elven Halls
 44798 | Elf:1    | Reached skill level 1 in Shapeshifting
 44839 | Elf:1    | Paralysed by an air elemental for 1 turns
 44841 | Elf:1    | Paralysed by an air elemental for 1 turns
 45122 | Elf:1    | Paralysed by an air elemental for 1 turns
 46222 | Elf:2    | Reached skill level 5 in Shapeshifting
 46885 | Elf:2    | Noticed Asterion
 46898 | Elf:2    | Killed Asterion
 47086 | Elf:2    | Found a huge runed translucent gate.
 47086 | Elf:2    | Found a huge runed translucent gate.
 47086 | Elf:2    | Found a huge runed translucent gate.
 47579 | Elf:2    | Found a huge runed translucent gate.
 47579 | Elf:2    | Found a huge runed translucent gate.
 49554 | Elf:2    | Reached XP level 19. HP: 153/181 MP: 29/29
 51507 | Elf:3    | Entered Level 3 of the Elven Halls
 51788 | Elf:3    | Paralysed by an air elemental for 1 turns
 51795 | Elf:3    | Paralysed by an air elemental for 1 turns
 52590 | Elf:3    | Paralysed by an air elemental for 1 turns
 52595 | Elf:3    | Paralysed by an air elemental for 1 turns
 54146 | Elf:3    | Found Dieffe's Jewellery Shop.
 54147 | Elf:3    | Found Eseefocuo's Book Shoppe.
 54147 | Elf:3    | Found Tazineg's Book Shoppe.
 54154 | Elf:3    | Bought a ring of willpower for 400 gold pieces
 55334 | Elf:3    | Reached skill level 10 in Shapeshifting
 56657 | Elf:3    | Identified the +3 battleaxe of the End {antimagic, SInv}
 57200 | Elf:3    | Got the Folio of Resplendent Algor
 57224 | Elf:3    | Identified the staff of Ashenzari's Approval {rPois rF+
                  | Fire Alchemy}
 57805 | Vaults:1 | Entered Level 1 of the Vaults
 59230 | Vaults:1 | Reached XP level 20. HP: 152/189 MP: 30/30
 59891 | Vaults:2 | Noticed Jory
 59926 | Vaults:2 | Killed Jory
 61176 | Vaults:2 | Found Inourghuu's Weapon Boutique.
 61919 | Vaults:2 | You fall into a shaft and drop 2 floors!
 62988 | Vaults:4 | Found Leixkisch's Armour Emporium.
 63029 | Vaults:4 | HP: 2/188 [ironbound thunderhulk/bolt of lightning[a vault
                  | warden] (41)]
 63046 | Vaults:4 | Reached skill level 15 in Shapeshifting
 63055 | Vaults:4 | Identified the orb of Fecvaj Dure {light, Str+4 Int-2}
 63055 | Vaults:4 | Noticed Frederick
 63056 | Vaults:4 | HP: 6/189 [yaktaur[a boggart] (12)]
 63480 | Vaults:4 | Killed Frederick
 64220 | Vaults:4 | Reached XP level 21. HP: 196/196 MP: 31/31
 64528 | Vaults:3 | Identified the +5 lajatang of Peril {flame, rF+ rC++}
 64667 | Vaults:3 | HP: 8/254 [stone giant (27)]
 64668 | Vaults:3 | HP: 1/254 [stone giant (14)]
 64669 | Vaults:3 | Slain by a stone giant

Illustrated notes

Levels and vault maps discovered:
D:1:      dpeg_arrival_stonehenge_12_columns, layout_rooms
D:2:      layout_rooms, shapermc_ecumenical_altar_notcrosses
D:3:      layout_basic
D:4:      layout_cave_pods, biasface_ghost_orc_armoury,
          chequers_serial_rivers_room_a, kennysheep_generic_room_11
D:5:      layout_cave_pools, kennysheep_slug_shrine, overflow_temple_1_default
D:6:      layout_loops_ring, minmay_temple_entry_glass, water_maze_lemuel,
          uniq_grinder
D:7:      layout_basic, ebering_dispersal_statue_hall
D:8:      layout_loops_cross, minmay_lair_entry_grove
D:9:      layout_small_grid, erik_orc_1
D:10:     layout_rooms, serial_glass, glass_columns_c, glass_columns_a,
          uniq_lodul
D:11:     layout_basic
D:12:     layout_roguey, hangedman_decor_points
D:13:     layout_grid_maze
D:14:     layout_basic, david_vaults_2, minmay_hedge_maze,
          serial_park_tiny_pond, minmay_shattered_shrine
D:15:     grunt_enter_depths_hoard, layout_cave_pods,
          nicolae_concentric_dashed_squares_mild
Lair:1:   layout_regular_city, grunt_forest_large_clearings
Lair:2:   layout_loops_ring, nicolae_quartered_pool_super
Lair:3:   layout_chaotic_city, minmay_swamp_entry_wisps,
          spider_nest_entry_web_field, uniq_josephine
Lair:4:   minmay_lair_oklob_chamber, layout_cave_pods,
          infiniplex_staircase_pool, serial_bayou_shore_a
Lair:5:   hellmonk_lair_end_abyssal_woods, layout_gridlike, slime_entry_1
Swamp:1:  layout_basic_swamp, wheals_swamp_sinkhole, swamp_pool_1_2,
          nicolae_swamp_decorative_isthmus
Swamp:2:  layout_falls_marsh, evilmike_swamp_ruin_house_1, swamp_pool_1_2
Swamp:3:  layout_basic_swamp, portal_ice_cave_entry_ugly_swarm,
          evilmike_swamp_ruin_rubble_2, swamp_pool_4, hangedman_swamp_wriggling
Swamp:4:  swamp_old_school, layout_basic_swamp, gammafunk_ghost_arena,
          swamp_pool_5
Spider:1: layout_spider_delve, beargit_elvish_explorers
Spider:2: layout_chambers, gammafunk_ghost_cemetery, nicolae_spider_nook,
          uniq_agnes
Spider:3: layout_chambers, uniq_louise
Spider:4: spider_rune_water, uniq_roxanne, uniq_arachne, uniq_donald, uniq_aizul
Orc:1:    layout_caves
Orc:2:    pubby_orc_utopia
Elf:1:    layout_geoelf_diagonals, nicolae_elf_blasts_and_bolts,
          roderic_lattice_octagonal_star
Elf:2:    elven_hall_of_blades_hangedman_alternative
          [nicolae_blade_entry_pointy_end], layout_geoelf_octagon,
          grunt_ministairs_1, uniq_asterion
Elf:3:    minmay_elf_hall_not_hex, layout_geoelf_grid, grunt_megastairs_5,
          minmay_shop_grove
Vaults:1: nicolae_vaults_mitosis, nicolae_vaults_spaceships,
          nicolae_vaults_frosty_reception, vaults_mumra_minichess, v_misc_29,
          vaults_room_fours, nicolae_vaults_storage_room_water,
          vaults_dpeg_emergency_exit, vaults_room_grid, v_misc_19,
          nicolae_vaults_little_guard_posts, layout_vaults_omnibox
Vaults:2: vaults_mumra_lcd, v_alt_pattern_4, nicolae_vaults_network_periphery,
          v_alt_pattern_4, nicolae_vaults_security_offices_2,
          nicolae_vaults_ninety_degrees, grunt_vaults_funnel,
          nicolae_vaults_tetromino_T_1, nicolae_vaults_double_plus_2,
          layout_vaults_quadrants, serial_shops, shop, uniq_jory
Vaults:3: nicolae_vaults_asterisk, nicolae_vaults_more_shelving_2,
          hangedman_vaults_hat, nicolae_vaults_hallways_thing,
          nicolae_vaults_closet_pinwheel_5, st_spiral_rooms,
          nicolae_vaults_tangram_1, minmay_orc_keep, vaults_room_boxed,
          nicolae_vaults_trapezoid_3, vaults_dpeg_diagonal,
          ontoclasm_vaults_idyll, nicolae_vaults_rhombus_7,
          nicolae_vaults_ring_of_whatevers, blue_anna_dwarven_crypt,
          nicolae_vaults_little_squares_6, nicolae_vaults_tetromino_Z_2,
          layout_vaults_maze
Vaults:4: nicolae_vaults_trapezoid_3, nicolae_vaults_stepped_doors,
          nicolae_vaults_big_ls, nicolae_vaults_museum,
          ontoclasm_vaults_gateway, nicolae_vaults_yaktaur_gun_rack,
          nicolae_vaults_octothorpe, nicolae_vaults_closet_pinwheel_1,
          layout_vaults_omnicross, serial_shops, shop, uniq_xtahua,
          uniq_frederick

Skill      XL: |  1  2  3  4  5  6  7  8  9 10 11 12 13 14 15 16 17 18 19 20 21 |
---------------+----------------------------------------------------------------+-----
Fighting       | 4 5 6 7 8 9 11 12 13 14 16 17 18 | 18.8
Armour         | 4 5 6 7 8 9 11 12 13 14 16 17 18 | 18.8
Shields        | 4 5 6 7 8 9 11 12 13 14 16 17 18 | 18.7
Axes           | 3 4 5 6 8 9 11 12 13 14 15 17 18 | 18.0
Invocations    | 1 2 3 4 6 7 8 9 11 12 13 14 15 | 15.5
Shapeshifting  | 7 12 15 16 | 16.1

Action                     |  1- 3 |  4- 6 |  7- 9 | 10-12 | 13-15 | 16-18 | 19-21 || total
---------------------------+-------+-------+-------+-------+-------+-------+-------++-------
  Melee: War axe           |    80 |   101 |   243 |       |       |       |       ||   424
         Headbutt          |    11 |     9 |    45 |   140 |   295 |   316 |   299 ||  1115
         Mace              |       |       |    16 |   500 |   835 |       |       ||  1351
         Broad axe         |       |       |       |       |   381 |  1161 |   907 ||  2449
         Scimitar          |       |       |       |       |    21 |   105 |       ||   126
  Throw: Throwing net      |       |       |     1 |     1 |       |     6 |       ||     8
 Invoke: Elemental Force   |       |       |       |       |     2 |    15 |    13 ||    30
         Disaster Area     |       |       |       |       |     2 |     2 |       ||     4
         Upheaval          |       |       |       |       |     2 |     2 |     3 ||     7
  Evoke: Wand              |       |       |       |       |     3 |    13 |     6 ||    22
    Use: Scroll            |       |     4 |    13 |    12 |     7 |    16 |    21 ||    73
         Potion            |       |       |       |     2 |     6 |    21 |    14 ||    43
   Stab: Held in net/web   |       |       |       |     1 |       |     1 |       ||     2
         Paralysed         |       |       |       |       |       |     1 |     1 ||     2
 Armour: Scale mail        |    72 |    68 |   202 |   270 |   461 |       |       ||  1073
         Plate armour      |       |       |       |       |   169 |  1009 |   447 ||  1625
         Skin              |       |       |       |       |       |       |    94 ||    94
  Dodge: Dodged            |    60 |    55 |    95 |   125 |   206 |   239 |   135 ||   915
         Repelled          |       |       |       |     4 |     5 |     2 |     3 ||    14
  Block: Buckler           |    26 |    53 |   181 |   176 |       |       |       ||   436
         Reflection        |       |       |     2 |    18 |    77 |    52 |    90 ||   239
         Kite shield       |       |       |       |   489 |  1708 |  1686 |  1064 ||  4947
   Form: Statue            |       |       |       |       |       |       |     1 ||     1

Table legend: (Time is in decaauts)
 A = Elapsed time spent in this place.
 B = Non-inter-level travel time spent in this place.
 C = Inter-level travel time spent in this place.
 D = Time resting spent in this place.
 E = Time spent auto-exploring this place.
 F = Levels seen in this place.
 G = Mean time per level.
                   A        B        C        D        E       F      G
               +--------+--------+--------+--------+--------+-----+--------+
         Total |  64975 |  61805 |   3170 |  27742 |  22743 |  38 | 1709.9 |
       Dungeon |  17383 |  15926 |   1457 |   4286 |   8873 |  15 | 1158.9 |
          Lair |   9154 |   8568 |    586 |   3415 |   3867 |   5 | 1830.8 |
         Swamp |   6761 |   6562 |    199 |   3555 |   1609 |   4 | 1690.2 |
   Spider Nest |   7878 |   7571 |    307 |   2721 |   3084 |   4 | 1969.5 |
  Orcish Mines |   3764 |   3484 |    280 |   1239 |   1458 |   2 | 1882.0 |
   Elven Halls |  12661 |  12385 |    276 |   8655 |   1621 |   3 | 4220.3 |
        Vaults |   6856 |   6793 |     63 |   3452 |   2229 |   4 | 1714.0 |
      Ice Cave |    515 |    515 |      0 |    417 |      0 |   1 |  515.0 |
               +--------+--------+--------+--------+--------+-----+--------+

Top non-repeatable levels by time:
   Elf:2: 7282 daAuts
   Elf:3: 3830 daAuts
   Orc:2: 3323 daAuts
  Lair:3: 3059 daAuts
 Swamp:3: 2733 daAuts
  Lair:4: 2635 daAuts
Vaults:4: 2624 daAuts
     D:8: 2325 daAuts
Spider:1: 2188 daAuts
Vaults:2: 2154 daAuts
Spider:3: 2097 daAuts
     D:9: 2050 daAuts
 Swamp:1: 2031 daAuts
    D:14: 2001 daAuts
Spider:4: 1980 daAuts
